 Dungeon Sprint DCSS version 0.17-a0-1804-gf6433eb (webtiles) character file.

7333 pipel the Nimble (level 11, -3/73 HPs)
             Began as a Gargoyle Earth Elementalist on Sept 11, 2015.
             Was a High Priest of Okawaru.
             Slain by a blue devil (12 damage)
             ... summoned by an orc high priest
             ... in the Dungeon (Sprint IX: "|||||||||||||||||||||||||||||").
             The game lasted 00:13:36 (2086 turns).

pipel the Nimble (Gargoyle Earth Elementalist)      Turns: 2086, Time: 00:13:36

Health: -3/73      AC: 13    Str: 17    XL:     11   Next: 13%
Magic:  15/23      EV: 16    Int: 17    God:    Okawaru [*****.]
Gold:   679        SH:  0    Dex: 10    Spells: 5 memorised, 11 levels left

rFire  . . .     SeeInvis .     b - +2 morningstar (crush)
rCold  . . .     Clarity  .     H - +0 ring mail
rNeg   + . .     SustAt   .     (no shield)
rPois  ∞         Gourm    .     s - +0 helmet
rElec  +         Spirit   .     (no cloak)
rCorr  .         Warding  .     (no gloves)
rMut   .         NoTele   +     E - +0 pair of boots
MR     .....                    (no amulet)
Stlth  ++........               v - +3 ring of strength
                                u - +2 ring of protection

@: corroded equipment, not resistant to hostile enchantments, unstealthy
A: negative energy resistance 1, electricity resistance, unbreathing,
petrification resistance, rot immunity, AC +7
a: Heroism, Finesse, Renounce Religion


You were in the Dungeon.
You worshipped Okawaru.
Okawaru was extremely pleased with you.
You were very hungry.

You visited 1 branch You collected 679 gold pieces.

Inventory:

Hand weapons
 b - a +2 morningstar of crushing (weapon)
 r - a +0 club
 F - a +0 dire flail of protection
Missiles
 a - a stone (quivered)
 A - 7 curare-tipped needles
 G - 4 tomahawks
Armour
 k - a +0 robe
 s - a +0 helmet (worn)
 t - a +0 plate armour
 E - a +0 pair of boots (worn)
 H - a +0 ring mail (worn)
Magical staves
 q - an uncursed staff of energy
Jewellery
 u - a +2 ring of protection (left hand)
 v - a +3 ring of strength (right hand)
Magical devices
 p - a wand of fire (0)
Scrolls
 j - 2 scrolls of blinking
 n - 4 scrolls of remove curse
 o - 2 scrolls of amnesia
 w - 3 scrolls of enchant weapon
 x - a scroll of identify
 y - 2 scrolls of fear
 B - a scroll of enchant armour
Potions
 e - 6 potions of curing
 f - 4 potions of heal wounds
 g - a potion of haste
 h - 4 potions of magic
 i - 2 potions of berserk rage
 l - 2 potions of cure mutation
 m - a potion of invisibility
Books
 c - a book of Geomancy

   Spells                             Type                      Level
   a - Sandblast                      Earth                        1
   b - Stoneskin                      Transmutation/Earth          2
   c - Passwall                       Transmutation/Earth          3
   d - Stone Arrow                    Conjuration/Earth            3
   e - Petrify                        Transmutation/Earth          4
   f - Lee's Rapid Deconstruction     Earth                        5
Comestibles
 d - 13 bread rations
 C - 40 fruits
 D - 12 meat rations


   Skills:
 + Level 10.7 Fighting
 + Level 10.2 Maces & Flails
 * Level 3.7 Armour
 - Level 14.0 Dodging
 - Level 4.5 Stealth
 - Level 0.6 Unarmed Combat
 - Level 8.0 Spellcasting
 - Level 4.2 Transmutations
 - Level 12.0 Earth Magic
 - Level 2.7 Invocations


You had 11 spell levels left.
You knew the following spells:

 Your Spells              Type           Power        Failure   Level  Hunger
a - Sandblast             Erth           #####.       1%          1    None
b - Stoneskin             Trmt/Erth      ####....     1%          2    None
c - Lee's Rapid Deconstr  Erth           #####.....   3%          5    #####..
d - Petrify               Trmt/Erth      ####....     8%          4    ###....
e - Stone Arrow           Conj/Erth      ####..       4%          3    #......


Dungeon Overview and Level Annotations

Branches:
Dungeon (1/1)

Altars:
Cheibriados
Dithmenos
Elyvilon
Fedhas
Gozag
Kikubaaqudgha
Makhleb
Nemelex Xobeh
Okawaru
Qazlal
Ru
Sif Muna
Trog
Vehumet
Xom
Yredelemnul
Zin
The Shining One
Beogh
Jiyva
Lugonu


Innate Abilities, Weirdness & Mutations

You are resistant to torment.
Your stone body is resilient (AC +7).
You are immune to poison.
You resist negative energy.
You are resistant to electric shocks.
You can survive without breathing.
You are immune to petrification.
You are immune to rotting.


Message History

The orc high priest is moderately wounded.
The orc high priest calls down the wrath of Beogh upon you.
Pain shoots through your body!
* * * LOW HITPOINT WARNING * * *
The rust devil hits you. The rust devil corrodes you!
Unknown command.
The orc high priest hits you but does no damage.
Evoke which item? (* to show all) (? for menu, Esc to quit)
Okay, then.
The orc high priest prays to Beogh.
Press: ? - help, v - describe, . - travel
Here: a rust devil (summoned)
The floor.
The blue devil swoops through the air toward you!
The blue devil hits you.
* * * LOW HITPOINT WARNING * * *
The ynoxinul gestures.
You hit the blue devil but do no damage.
The rust devil completely misses you. The blue devil hits you!
You die...

▓▓▓▓▓▓▓▓▓▓▓▓▓▓▓▓▓▓▓▓▓▓▓▓▓
▓.........o.o.§))).).....
▓.▓▓▓▓▓▓▓▓▓▓▓▓▓▓▓▓▓▓▓▓▓▓▓
▓53o.5.4@4...............
▓▓▓▓▓▓▓▓▓▓▓▓▓▓▓▓▓▓▓▓▓▓▓▓▓
▓.......'.....)....†..'†.
▓.▓▓▓▓▓▓▓▓▓▓▓▓▓▓▓▓▓▓▓▓▓▓▓
▓........................
▓▓▓▓▓▓▓▓▓▓▓▓▓▓▓▓▓▓▓▓▓▓▓▓▓
▓<....).....).....'______
▓▓▓▓▓▓▓▓▓▓▓▓▓▓▓▓▓▓▓▓▓▓▓▓▓


You could see an orc high priest, a rust devil, a blue devil, a ynoxinul and 2
ufetubi.

Vanquished Creatures
  2 hydras (D)
  2 centaur warriors (D)
  An ugly thing (D)
  An elephant (D)
  A spiny frog (D)
  Joseph (D)
  A komodo dragon (D)
  A polar bear (D)
  A deep elf mage (D)
  2 yaks (D)
  2 porcupines (D)
  4 water moccasins (D)
  7 black bears (D)
  7 orc warriors (D)
  An ogre (D)
  A giant frog (D)
  2 crocodiles (D)
  3 orc priests (D)
  A hound (D)
  An iguana (D)
  3 orc wizards (D)
  An adder (D)
  2 river rats (D)
  A giant gecko (D)
  8 orcs (D)
  3 bat skeletons (D)
  3 kobolds (D)
  A bat (D)
  A goblin (D)
  A jackal (D)
66 creatures vanquished.

Notes
Turn   | Place    | Note
--------------------------------------------------------------
     0 | D        | pipel the Gargoyle Earth Elementalist began the quest for the Orb.
     0 | D        | Reached XP level 1. HP: 10/10 MP: 3/3
     8 | D        | Reached skill level 4 in Earth Magic
   317 | D        | Reached skill level 5 in Earth Magic
   317 | D        | Reached XP level 2. HP: 15/15 MP: 1/5
   356 | D        | Found a glowing silver altar of Zin.
   356 | D        | Found a glowing golden altar of the Shining One.
   356 | D        | Found an ancient bone altar of Kikubaaqudgha.
   356 | D        | Found a basalt altar of Yredelemnul.
   356 | D        | Found a shimmering altar of Xom.
   356 | D        | Found a radiant altar of Vehumet.
   357 | D        | Found an iron altar of Okawaru.
   358 | D        | Found a burning altar of Makhleb.
   359 | D        | Found a deep blue altar of Sif Muna.
   360 | D        | Found a bloodstained altar of Trog.
   361 | D        | Found a sparkling altar of Nemelex Xobeh.
   362 | D        | Found a white marble altar of Elyvilon.
   363 | D        | Found a roughly hewn altar of Beogh.
   364 | D        | Found a viscous altar of Jiyva.
   365 | D        | Became a worshipper of Warmaster Okawaru
   366 | D        | Found a corrupted altar of Lugonu.
   367 | D        | Found a blossoming altar of Fedhas.
   368 | D        | Found a snail-covered altar of Cheibriados.
   369 | D        | Found a shadowy altar of Dithmenos.
   370 | D        | Found a stormy altar of Qazlal.
   371 | D        | Found an opulent altar of Gozag.
   372 | D        | Found a sacrificial altar of Ru.
   600 | D        | Noticed an orc warrior
   600 | D        | Noticed a giant frog
   600 | D        | Noticed an ogre
   601 | D        | Reached skill level 6 in Earth Magic
   602 | D        | Reached XP level 3. HP: 20/20 MP: 7/7
   603 | D        | Killed an orc warrior
   603 | D        | Reached skill level 1 in Fighting
   603 | D        | Reached skill level 1 in Maces & Flails
   603 | D        | Reached skill level 7 in Earth Magic
   603 | D        | Reached XP level 4. HP: 24/26 MP: 7/9
   608 | D        | Killed a giant frog
   608 | D        | Reached skill level 5 in Dodging
   608 | D        | Reached skill level 8 in Earth Magic
   608 | D        | Reached XP level 5. HP: 25/31 MP: 7/11
   611 | D        | Killed an ogre
   611 | D        | Acquired Okawaru's first power
   611 | D        | Reached skill level 9 in Earth Magic
   611 | D        | Reached XP level 6. HP: 28/36 MP: 6/13
   619 | D        | Learned a level 2 spell: Stoneskin
   625 | D        | Learned a level 5 spell: Lee's Rapid Deconstruction
   630 | D        | Learned a level 4 spell: Petrify
   672 | D        | Noticed a hound
   672 | D        | Noticed a centaur warrior
   672 | D        | Noticed a centaur warrior
   672 | D        | Noticed a deep elf mage
   672 | D        | Noticed a white ugly thing
   680 | D        | Killed a hound
   682 | D        | Killed a centaur warrior
   682 | D        | Reached skill level 10 in Dodging
   682 | D        | Reached skill level 1 in Invocations
   682 | D        | Reached XP level 7. HP: 34/46 MP: 8/14
   682 | D        | Reached XP level 8. HP: 37/51 MP: 8/15
   684 | D        | Killed a centaur warrior
   684 | D        | Reached skill level 5 in Maces & Flails
   684 | D        | Reached skill level 11 in Dodging
   684 | D        | Killed a deep elf mage
   684 | D        | Reached skill level 12 in Dodging
   684 | D        | Reached XP level 9. HP: 25/57 MP: 8/16
   688 | D        | Killed a white ugly thing
   699 | D        | Learned a level 3 spell: Stone Arrow
   960 | D        | Noticed a yak
   960 | D        | Noticed a water moccasin
   960 | D        | Noticed an iguana
   960 | D        | Noticed a komodo dragon
   961 | D        | Noticed a porcupine
   970 | D        | Killed a yak
   970 | D        | Reached skill level 5 in Spellcasting
   976 | D        | Killed a water moccasin
   976 | D        | Received a gift from Okawaru
   986 | D        | Noticed a water moccasin
   988 | D        | Noticed an elephant
   989 | D        | Killed an iguana
   997 | D        | Killed a komodo dragon
   997 | D        | Reached skill level 13 in Dodging
   997 | D        | Reached skill level 10 in Earth Magic
   999 | D        | Killed a porcupine
  1002 | D        | Killed a water moccasin
  1008 | D        | Killed an elephant
  1156 | D        | Noticed a crocodile
  1156 | D        | Noticed a spiny frog
  1156 | D        | Noticed a five-headed hydra
  1156 | D        | Noticed a water moccasin
  1156 | D        | Noticed a six-headed hydra
  1156 | D        | Noticed a yak
  1157 | D        | Noticed a crocodile
  1159 | D        | Killed a crocodile
  1159 | D        | Reached skill level 1 in Transmutations
  1159 | D        | Reached XP level 10. HP: 59/65 MP: 16/19
  1163 | D        | Noticed a water moccasin
  1166 | D        | Killed a five-headed hydra
  1166 | D        | Acquired Okawaru's second power
  1168 | D        | Noticed a porcupine
  1169 | D        | Killed a six-headed hydra
  1172 | D        | Killed a spiny frog
  1174 | D        | Killed a water moccasin
  1176 | D        | Killed a yak
  1177 | D        | Killed a crocodile
  1180 | D        | Killed a water moccasin
  1183 | D        | Killed a porcupine
  1440 | D        | Noticed a black bear
  1440 | D        | Noticed a black bear
  1440 | D        | Noticed a black bear
  1440 | D        | Noticed a black bear
  1440 | D        | Noticed a polar bear
  1440 | D        | Noticed a black bear
  1442 | D        | Killed a black bear
  1447 | D        | Killed a black bear
  1449 | D        | Noticed a black bear
  1456 | D        | Killed a polar bear
  1459 | D        | Noticed a black bear
  1461 | D        | Killed a black bear
  1463 | D        | Killed a black bear
  1465 | D        | Killed a black bear
  1465 | D        | Reached skill level 14 in Dodging
  1467 | D        | Killed a black bear
  1469 | D        | Killed a black bear
  1527 | D        | Noticed Joseph
  1556 | D        | Killed Joseph
  1556 | D        | Received a gift from Okawaru
  1556 | D        | Reached skill level 10 in Fighting
  1556 | D        | Reached XP level 11. HP: 34/72 MP: 19/23
  1731 | D        | Noticed an orc warrior
  1731 | D        | Noticed an orc wizard
  1732 | D        | Noticed an orc priest
  1733 | D        | Noticed an orc warrior
  1739 | D        | Noticed an orc priest
  1745 | D        | Killed an orc warrior
  1755 | D        | Killed an orc wizard
  1760 | D        | Killed an orc warrior
  1762 | D        | Noticed an orc priest
  1766 | D        | Killed an orc priest
  1768 | D        | Killed an orc priest
  1772 | D        | Killed an orc priest
  1773 | D        | Noticed an orc wizard
  1774 | D        | Noticed an orc wizard
  1782 | D        | Killed an orc wizard
  1788 | D        | Killed an orc wizard
  2020 | D        | Noticed an orc warrior
  2020 | D        | Noticed an orc warrior
  2020 | D        | Noticed an orc warrior
  2020 | D        | Noticed an orc warrior
  2020 | D        | Noticed an orc high priest
  2020 | D        | Noticed an orc warrior
  2021 | D        | Noticed an orc wizard
  2027 | D        | Killed an orc warrior
  2030 | D        | Killed an orc warrior
  2030 | D        | Reached skill level 10 in Maces & Flails
  2031 | D        | Noticed an orc wizard
  2033 | D        | Noticed an ice devil
  2035 | D        | Killed an orc warrior
  2045 | D        | Killed an orc warrior
  2086 | D        | Slain by a blue devil

Vault maps used:
D:        linesprint

Action                   |  1- 3 |  4- 6 |  7- 9 | 10-12 || total
-------------------------+-------+-------+-------+-------++-------
Melee: Club              |    31 |       |       |       ||    31
       Unarmed           |     1 |       |       |       ||     1
       Morningstar       |     2 |     7 |    30 |   109 ||   148
 Cast: Sandblast         |     8 |     6 |     4 |     9 ||    27
       Lee's Rapid Decon |       |       |     3 |     2 ||     5
       Petrify           |       |       |     1 |     1 ||     2
       Stone Arrow       |       |       |       |     2 ||     2
Invok: Heroism           |       |     1 |     3 |     4 ||     8
Evoke: Wand              |     1 |     1 |     3 |     2 ||     7
       Staff of energy   |       |       |     3 |     3 ||     6
  Use: Potion            |       |     1 |       |       ||     1
 Stab: Sleeping          |       |       |     1 |     1 ||     2
  Eat: Chunk             |       |       |     2 |     3 ||     5
